[ AOE2 MATCH · #472834191 ]
UnrankedFranks vs Magyars
[ REPLAY ANALYSIS · EXTRACTED FROM THE RECORDED GAME ]
Feudal
10:16
Castle
19:58
Imperial
—
| APM avg | 59.5 |
| APM peak | 136 |
| eAPM avg | 27.1 |
| Villagers / military | 79 / 121 |
Focus
⚔️ 26.1% · 🌾 73.9%
Scout Cavalry ×52 · Spearman ×28 · Fishing Ship ×25 · Monk ×19 · Galley ×11 · Mangonel ×5
Feudal
10:33
Castle
16:59
Imperial
48:37
| APM avg | 33.1 |
| APM peak | 51 |
| eAPM avg | 17.2 |
| Villagers / military | 142 / 402 |
Focus
⚔️ 40.3% · 🌾 59.7%
Scout Cavalry ×210 · Cavalry Archer ×110 · Knight ×43 · Magyar Huszar ×22 · Fishing Ship ×20 · Mangonel ×4
Feudal
10:34
Castle
19:00
Imperial
49:33
| APM avg | 30.1 |
| APM peak | 46 |
| eAPM avg | 20.0 |
| Villagers / military | 175 / 280 |
Focus
⚔️ 43.2% · 🌾 56.8%
Skirmisher ×135 · Longbowman ×57 · Fishing Ship ×53 · Mangonel ×22 · Fire Galley ×21 · Galley ×18
Feudal
9:31
Castle
17:32
Imperial
43:26
| APM avg | 59.5 |
| APM peak | 97 |
| eAPM avg | 34.6 |
| Villagers / military | 188 / 415 |
Focus
⚔️ 31.8% · 🌾 68.2%
Spearman ×223 · Skirmisher ×119 · Cavalry Archer ×33 · Trebuchet (Packed) ×12 · Galley ×11 · Mangonel ×11
Match map
Initial resources + every placement click. Lines = walls · curves = elevation contours. ◆ gold · ⬟ stone · ● berries · ✦ relic · ◌ wall gap
Your base· ✓ Map-separated
Sir Godua's base· ✓ Map-separated
koljasch's base· ✓ Map-separated
BoMalabimba's base· ✓ Map-separated
Smoothed initial terrain · ◌ = detected wall gap · hover for details
Inputs per minute
— Vikariepoolen - - Sir Godua
Build order — Vikariepoolen
First 150 of 298 actions detected
| 0:08 | Build | Dock |
| 0:10 | Build | House |
| 1:25 | Build | Town Center |
| 2:20 | Build | House |
| 2:23 | Build | Palisade Wall |
| 2:24 | Create | Villager (Male) |
| 2:25 | Create | Villager (Male) |
| 2:25 | Create | Villager (Male) |
| 2:25 | Create | Villager (Male) |
| 2:25 | Create | Villager (Male) |
| 3:14 | Build | House |
| 3:45 | Build | Dock |
| 3:52 | Create | Villager (Male) |
| 4:13 | Build | House |
| 4:16 | Create | Villager (Male) |
| 4:52 | Create | Villager (Male) |
| 5:07 | Create | Villager (Male) |
| 5:14 | Build | Mining Camp |
| 5:27 | Create | Villager (Male) |
| 5:31 | Create | Fishing Ship |
| 5:46 | Build | House |
| 5:48 | Create | Villager (Male) |
| 5:55 | Create | Villager (Male) |
| 6:12 | Create | Fishing Ship |
| 6:13 | Create | Fishing Ship |
| 6:21 | Research | Loom |
| 6:38 | Create | Villager (Male) |
| 6:39 | Create | Fishing Ship |
| 6:39 | Create | Fishing Ship |
| 6:57 | Build | Palisade Wall |
| 6:59 | Build | Palisade Wall |
| 7:05 | Build | Palisade Wall |
| 7:15 | Create | Villager (Male) |
| 7:37 | Create | Fishing Ship |
| 8:06 | Research | Feudal Age |
| 8:06 | Research | Feudal Age |
| 8:27 | Build | House |
| 8:29 | Build | Palisade Wall |
| 8:45 | Build | Palisade Wall |
| 9:04 | Create | Fishing Ship |
| 9:04 | Create | Fishing Ship |
| 9:08 | Create | Villager (Male) |
| 9:17 | Build | Palisade Wall |
| 9:26 | Build | Lumber Camp |
| 10:16 | Age | Feudal Age |
| 10:18 | Build | Blacksmith |
| 10:21 | Create | Unit 2626 |
| 10:21 | Create | Unit 2626 |
| 10:23 | Create | Villager (Male) |
| 10:40 | Create | Unit 2626 |
| 10:47 | Create | Galley |
| 10:47 | Create | Galley |
| 10:53 | Create | Villager (Male) |
| 10:59 | Build | House |
| 11:00 | Build | House |
| 11:05 | Build | Palisade Wall |
| 11:10 | Build | Palisade Wall |
| 11:50 | Create | Villager (Male) |
| 11:51 | Create | Villager (Male) |
| 11:58 | Build | Mill |
| 12:00 | Create | Villager (Male) |
| 12:26 | Create | Galley |
| 12:27 | Create | Galley |
| 12:31 | Research | Fletching |
| 12:36 | Create | Villager (Male) |
| 13:08 | Build | Market |
| 13:10 | Create | Villager (Male) |
| 13:27 | Build | Farm |
| 13:27 | Build | Farm |
| 13:27 | Build | Farm |
| 13:27 | Build | Farm |
| 13:35 | Create | Galley ×2 |
| 13:51 | Create | Villager (Male) |
| 14:27 | Create | Villager (Male) |
| 14:29 | Build | Farm |
| 14:33 | Build | Farm |
| 14:34 | Build | Farm |
| 14:47 | Create | Villager (Male) |
| 14:50 | Build | Farm |
| 14:51 | Build | Farm |
| 14:56 | Create | Galley |
| 14:57 | Create | Galley |
| 15:09 | Create | Villager (Male) |
| 15:15 | Create | Galley |
| 15:18 | Build | House |
| 15:19 | Build | House |
| 15:20 | Build | House |
| 15:21 | Build | House |
| 15:29 | Build | House |
| 15:40 | Build | Palisade Wall |
| 16:02 | Build | Barracks |
| 16:16 | Create | Villager (Male) |
| 16:21 | Create | Villager (Male) |
| 16:24 | Create | Galley |
| 16:24 | Create | Galley |
| 16:55 | Build | House |
| 16:58 | Build | House |
| 17:18 | Research | Castle Age |
| 17:18 | Research | Castle Age |
| 17:34 | Create | Villager (Male) |
| 17:39 | Research | Double-Bit Axe |
| 17:39 | Research | Double-Bit Axe |
| 17:50 | Create | Fishing Ship |
| 17:50 | Create | Fishing Ship |
| 17:50 | Create | Fishing Ship |
| 17:52 | Create | Fishing Ship |
| 18:03 | Build | House |
| 18:05 | Build | Palisade Wall |
| 18:09 | Build | House |
| 18:11 | Create | Spearman |
| 18:11 | Create | Spearman |
| 18:33 | Research | Tech 906 |
| 18:58 | Build | House |
| 19:05 | Create | Spearman ×5 |
| 19:05 | Create | Spearman ×5 |
| 19:11 | Build | House |
| 19:12 | Build | House |
| 19:14 | Build | House |
| 19:17 | Build | House |
| 19:38 | Build | House |
| 19:40 | Build | Palisade Wall |
| 19:49 | Build | House |
| 19:50 | Build | House |
| 19:52 | Build | Palisade Wall |
| 19:58 | Age | Castle Age |
| 20:07 | Build | Siege Workshop |
| 20:14 | Create | Monk |
| 20:20 | Create | Villager (Male) |
| 20:28 | Build | Farm |
| 20:58 | Research | War Galley (upgrade) |
| 20:58 | Research | War Galley (upgrade) |
| 21:14 | Create | Mangonel |
| 21:34 | Create | Villager (Male) |
| 21:35 | Create | Villager (Male) |
| 21:37 | Research | Bow Saw |
| 22:50 | Create | Villager (Male) |
| 22:51 | Create | Villager (Male) |
| 22:58 | Create | Monk |
| 22:58 | Create | Monk |
| 23:28 | Build | Market |
| 23:35 | Create | Villager (Male) |
| 23:35 | Create | Villager (Male) |
| 24:07 | Create | Mangonel |
| 24:07 | Create | Mangonel |
| 24:21 | Create | Monk |
| 24:23 | Create | Villager (Male) |
| 24:23 | Create | Villager (Male) |
| 24:23 | Create | Villager (Male) |
| 24:25 | Create | Villager (Male) |
| 24:52 | Create | Villager (Male) |
Build order — Sir Godua
First 150 of 544 actions detected
| 0:32 | Build | House |
| 0:34 | Build | House |
| 1:16 | Build | Dock |
| 1:41 | Build | Town Center |
| 2:36 | Create | Fishing Ship |
| 2:41 | Create | Villager (Male) |
| 2:42 | Create | Villager (Male) |
| 2:42 | Create | Villager (Male) |
| 2:42 | Create | Villager (Male) |
| 2:42 | Create | Villager (Male) |
| 3:16 | Create | Fishing Ship |
| 3:48 | Create | Fishing Ship |
| 4:11 | Create | Villager (Male) |
| 4:22 | Build | House |
| 4:42 | Build | Dock |
| 4:48 | Create | Villager (Male) |
| 4:51 | Create | Fishing Ship |
| 4:57 | Build | House |
| 5:18 | Create | Fishing Ship |
| 5:19 | Create | Villager (Male) |
| 5:22 | Create | Fishing Ship |
| 5:45 | Create | Villager (Male) |
| 5:48 | Create | Fishing Ship |
| 6:12 | Create | Fishing Ship |
| 6:31 | Create | Villager (Male) |
| 6:33 | Create | Villager (Male) |
| 6:59 | Create | Fishing Ship |
| 7:06 | Build | Mill |
| 7:25 | Build | House |
| 7:33 | Create | Villager (Male) |
| 8:00 | Build | Dock |
| 8:23 | Research | Feudal Age |
| 8:30 | Build | House |
| 8:52 | Create | Villager (Male) |
| 9:00 | Create | Villager (Male) |
| 9:14 | Build | Palisade Wall |
| 9:27 | Create | Fishing Ship |
| 9:28 | Create | Villager (Male) |
| 9:44 | Build | Outpost |
| 9:54 | Create | Villager (Male) |
| 9:59 | Create | Fishing Ship |
| 10:17 | Build | House |
| 10:33 | Age | Feudal Age |
| 10:39 | Build | Barracks |
| 10:45 | Research | Double-Bit Axe |
| 10:47 | Create | Unit 2626 |
| 11:21 | Create | Unit 2626 |
| 11:22 | Create | Villager (Male) |
| 12:04 | Build | Stable |
| 12:07 | Create | Villager (Male) |
| 12:44 | Create | Scout Cavalry |
| 12:44 | Create | Scout Cavalry |
| 12:55 | Create | Villager (Male) |
| 13:02 | Build | Blacksmith |
| 13:08 | Build | Mining Camp |
| 13:23 | Create | Villager (Male) |
| 13:33 | Research | Scale Barding Armor |
| 13:34 | Create | Scout Cavalry |
| 13:34 | Create | Scout Cavalry |
| 13:48 | Build | Lumber Camp |
| 13:53 | Create | Villager (Male) |
| 13:54 | Create | Villager (Male) |
| 13:55 | Create | Scout Cavalry |
| 14:16 | Research | Castle Age |
| 14:18 | Create | Unit 2626 |
| 14:20 | Create | Villager (Male) |
| 14:23 | Create | Villager (Male) |
| 14:54 | Research | Bloodlines |
| 14:58 | Build | House |
| 15:05 | Build | House |
| 15:28 | Research | Tech 906 |
| 15:29 | Create | Fire Galley |
| 15:29 | Create | Fire Galley |
| 15:30 | Create | Villager (Male) |
| 15:57 | Create | Scout Cavalry |
| 15:57 | Create | Scout Cavalry |
| 16:17 | Build | House |
| 16:47 | Create | Scout Cavalry |
| 16:47 | Create | Scout Cavalry |
| 16:57 | Create | Villager (Male) |
| 16:59 | Age | Castle Age |
| 17:07 | Build | Siege Workshop |
| 17:14 | Research | Light Cavalry (upgrade) |
| 17:36 | Research | Gillnets |
| 17:57 | Research | Husbandry |
| 18:12 | Create | Mangonel |
| 18:23 | Build | Town Center |
| 18:36 | Create | Villager (Male) |
| 18:37 | Create | Villager (Male) |
| 18:39 | Research | Loom |
| 18:40 | Create | Villager (Male) |
| 18:44 | Create | Fishing Ship |
| 19:02 | Create | Scout Cavalry |
| 19:02 | Create | Scout Cavalry |
| 19:06 | Create | Knight |
| 19:07 | Create | Knight |
| 19:43 | Research | War Galley (upgrade) |
| 19:44 | Create | Villager (Male) |
| 19:44 | Create | Villager (Male) |
| 19:55 | Create | Knight |
| 20:09 | Create | Battering Ram |
| 20:30 | Create | Villager (Male) |
| 20:45 | Create | Scorpion |
| 20:50 | Create | Knight |
| 20:51 | Create | Villager (Male) |
| 20:53 | Create | Villager (Male) |
| 21:01 | Build | Farm |
| 21:01 | Build | Farm |
| 21:02 | Build | Farm |
| 21:02 | Build | Farm |
| 21:08 | Create | Villager (Male) |
| 21:19 | Create | Scorpion |
| 21:27 | Build | House |
| 21:28 | Build | House |
| 22:01 | Create | Villager (Male) |
| 22:14 | Create | Villager (Male) |
| 22:14 | Create | Villager (Male) |
| 22:56 | Create | Scout Cavalry |
| 22:56 | Create | Scout Cavalry |
| 23:05 | Build | Market |
| 23:08 | Create | Villager (Male) |
| 23:24 | Create | Mangonel |
| 23:44 | Build | House |
| 23:48 | Build | Farm |
| 23:49 | Build | Farm |
| 23:49 | Build | Farm |
| 23:49 | Build | Farm |
| 23:56 | Create | Knight |
| 23:56 | Create | Knight |
| 23:57 | Create | Villager (Male) |
| 24:08 | Create | Knight |
| 24:16 | Build | Stable |
| 24:21 | Create | Villager (Male) |
| 24:31 | Create | Villager (Male) |
| 24:32 | Build | Farm |
| 24:33 | Build | Farm |
| 24:33 | Build | Farm |
| 24:35 | Create | Villager (Male) |
| 25:01 | Build | Palisade Wall |
| 25:02 | Build | Palisade Wall |
| 25:03 | Build | Palisade Wall |
| 25:20 | Create | Knight |
| 25:20 | Create | Knight |
| 25:42 | Build | Mining Camp |
| 25:42 | Create | Villager (Male) |
| 25:47 | Create | Knight |
| 25:47 | Create | Knight |
| 25:55 | Build | Farm |
| 25:55 | Build | Farm |
| 25:56 | Build | Farm |
Build order — koljasch
First 150 of 513 actions detected
| 0:22 | Build | House |
| 0:42 | Build | Dock |
| 1:19 | Create | Fishing Ship |
| 1:26 | Build | House |
| 2:30 | Build | Town Center |
| 2:45 | Create | Fishing Ship |
| 3:29 | Create | Villager (Male) |
| 3:41 | Create | Villager (Male) |
| 3:41 | Create | Villager (Male) |
| 3:53 | Create | Villager (Male) |
| 3:56 | Create | Fishing Ship |
| 4:33 | Create | Villager (Male) |
| 4:37 | Create | Fishing Ship |
| 5:13 | Build | House |
| 5:30 | Build | Dock |
| 5:32 | Create | Villager (Male) |
| 5:39 | Create | Fishing Ship |
| 6:08 | Create | Villager (Male) |
| 6:08 | Create | Villager (Male) |
| 6:38 | Create | Fishing Ship |
| 6:40 | Create | Fishing Ship |
| 6:53 | Create | Villager (Male) |
| 7:12 | Build | House |
| 7:14 | Create | Fishing Ship |
| 7:16 | Create | Fishing Ship |
| 7:19 | Create | Villager (Male) |
| 7:22 | Research | Loom |
| 7:22 | Research | Loom |
| 7:44 | Create | Villager (Male) |
| 7:48 | Create | Fishing Ship |
| 7:51 | Create | Fishing Ship |
| 8:24 | Research | Feudal Age |
| 8:51 | Build | Mining Camp |
| 9:30 | Create | Fishing Ship |
| 9:31 | Create | Fishing Ship |
| 9:45 | Build | House |
| 9:47 | Create | Villager (Male) |
| 10:19 | Build | House |
| 10:20 | Build | House |
| 10:34 | Age | Feudal Age |
| 10:36 | Create | Unit 2626 ×3 |
| 10:46 | Create | Villager (Male) |
| 10:51 | Build | Lumber Camp |
| 10:58 | Create | Unit 2626 |
| 11:08 | Create | Villager (Male) |
| 11:16 | Create | Unit 2626 |
| 11:35 | Research | Double-Bit Axe |
| 11:35 | Research | Double-Bit Axe |
| 11:37 | Create | Villager (Male) |
| 11:38 | Create | Villager (Male) |
| 12:31 | Create | Villager (Male) |
| 12:33 | Create | Villager (Male) |
| 12:36 | Create | Galley |
| 12:37 | Create | Galley |
| 12:57 | Create | Villager (Male) |
| 13:03 | Create | Galley |
| 13:04 | Create | Galley |
| 13:32 | Build | House |
| 13:33 | Build | House |
| 13:56 | Create | Galley |
| 14:32 | Create | Villager (Male) |
| 14:32 | Create | Villager (Male) |
| 14:39 | Build | Blacksmith |
| 14:41 | Create | Villager (Male) |
| 15:13 | Build | Barracks |
| 15:36 | Create | Villager (Male) |
| 15:51 | Build | Archery Range |
| 15:54 | Create | Villager (Male) |
| 16:03 | Create | Galley |
| 16:04 | Create | Galley |
| 16:10 | Research | Fletching |
| 16:20 | Research | Castle Age |
| 16:28 | Build | Mining Camp |
| 16:34 | Create | Villager (Male) |
| 16:35 | Create | Villager (Male) |
| 16:51 | Create | Galley |
| 16:52 | Create | Galley |
| 18:12 | Research | Gold Mining |
| 18:18 | Build | House |
| 18:19 | Build | House |
| 18:28 | Create | Galley |
| 18:29 | Create | Galley |
| 19:00 | Age | Castle Age |
| 19:02 | Research | War Galley (upgrade) |
| 19:09 | Create | Galley |
| 19:47 | Create | Villager (Male) |
| 19:47 | Create | Villager (Male) |
| 19:51 | Research | Bow Saw |
| 19:59 | Build | Town Center |
| 20:12 | Create | Galley |
| 20:13 | Create | Galley |
| 20:47 | Create | Villager (Male) |
| 20:48 | Create | Villager (Male) |
| 20:53 | Research | Bodkin Arrow |
| 21:10 | Create | Galley |
| 21:12 | Create | Galley |
| 21:13 | Create | Villager (Male) |
| 21:13 | Create | Villager (Male) |
| 21:23 | Create | Villager (Male) |
| 21:35 | Build | Town Center |
| 21:38 | Create | Villager (Male) |
| 21:54 | Create | Galley |
| 21:55 | Create | Galley |
| 22:15 | Create | Villager (Male) |
| 22:17 | Create | Villager (Male) |
| 22:29 | Create | Villager (Male) |
| 22:46 | Create | Villager (Male) |
| 23:06 | Create | Demolition Raft |
| 23:13 | Create | Demolition Raft |
| 23:26 | Research | Tech 905 |
| 24:04 | Create | Villager (Male) |
| 24:04 | Create | Villager (Male) |
| 24:06 | Create | Villager (Male) |
| 24:06 | Create | Villager (Male) |
| 24:16 | Build | House |
| 24:17 | Build | House |
| 24:19 | Build | House |
| 24:28 | Create | Villager (Male) |
| 24:29 | Create | Villager (Male) |
| 24:29 | Create | Villager (Male) |
| 24:34 | Build | House |
| 24:47 | Build | Siege Workshop |
| 24:53 | Create | Villager (Male) |
| 24:53 | Create | Villager (Male) |
| 25:02 | Create | Villager (Male) |
| 25:03 | Create | Villager (Male) |
| 25:11 | Build | House |
| 25:17 | Create | Villager (Male) |
| 25:41 | Create | Archer |
| 25:42 | Create | Archer |
| 25:47 | Create | Mangonel |
| 26:03 | Create | Fire Galley ×5 |
| 26:03 | Create | Fire Galley ×5 |
| 26:03 | Create | Fire Galley ×5 |
| 26:14 | Create | Villager (Male) |
| 26:14 | Create | Villager (Male) |
| 26:17 | Create | Archer |
| 26:58 | Create | Villager (Male) |
| 27:17 | Create | Fire Galley ×4 |
| 27:23 | Create | Archer |
| 27:23 | Create | Archer |
| 27:30 | Build | Archery Range |
| 27:32 | Create | Villager (Male) |
| 27:44 | Build | Mining Camp |
| 27:50 | Research | Crossbowman (upgrade) |
| 27:56 | Create | Villager (Male) |
| 28:12 | Create | Villager (Male) |
| 28:28 | Create | Mangonel |
| 28:29 | Create | Mangonel |
| 28:38 | Build | Siege Workshop |
Build order — BoMalabimba
First 150 of 748 actions detected
| 0:24 | Build | House |
| 0:37 | Build | Dock |
| 0:43 | Build | House |
| 1:20 | Build | Town Center |
| 1:46 | Create | Fishing Ship |
| 2:20 | Create | Villager (Male) ×4 |
| 2:50 | Create | Fishing Ship |
| 2:58 | Research | Loom |
| 3:19 | Create | Villager (Male) |
| 3:19 | Create | Villager (Male) |
| 3:20 | Create | Villager (Male) |
| 3:31 | Create | Villager (Male) |
| 3:31 | Create | Villager (Male) |
| 4:07 | Build | House |
| 4:19 | Create | Fishing Ship |
| 4:24 | Create | Villager (Male) |
| 4:35 | Build | House |
| 4:50 | Create | Villager (Male) |
| 4:52 | Create | Fishing Ship |
| 5:02 | Create | Villager (Male) |
| 5:02 | Create | Villager (Male) |
| 5:02 | Create | Villager (Male) |
| 5:19 | Build | Mill |
| 5:35 | Create | Fishing Ship |
| 5:35 | Create | Fishing Ship |
| 5:54 | Build | Palisade Wall |
| 5:56 | Build | Palisade Wall |
| 6:18 | Build | Palisade Wall |
| 6:18 | Build | Palisade Wall |
| 7:13 | Research | Feudal Age |
| 7:15 | Build | Mining Camp |
| 7:28 | Build | House |
| 7:36 | Create | Villager (Male) |
| 8:13 | Build | Dock |
| 8:27 | Create | Villager (Male) |
| 8:42 | Build | Barracks |
| 9:26 | Build | Palisade Wall |
| 9:31 | Age | Feudal Age |
| 9:34 | Create | Unit 2626 |
| 9:42 | Create | Unit 2626 |
| 9:46 | Build | Palisade Wall |
| 10:14 | Build | Palisade Wall |
| 10:16 | Create | Villager (Male) |
| 10:30 | Build | Blacksmith |
| 10:33 | Create | Villager (Male) |
| 10:46 | Build | House |
| 11:07 | Create | Villager (Male) |
| 11:11 | Build | Palisade Wall |
| 11:31 | Create | Galley |
| 11:36 | Create | Villager (Male) |
| 12:13 | Create | Villager (Male) |
| 12:13 | Create | Villager (Male) |
| 12:14 | Create | Villager (Male) |
| 12:28 | Create | Galley |
| 12:30 | Create | Galley |
| 12:30 | Create | Galley |
| 12:32 | Research | Fletching |
| 12:32 | Research | Fletching |
| 12:36 | Build | House |
| 12:44 | Build | House |
| 12:48 | Build | Palisade Wall |
| 12:50 | Create | Villager (Male) |
| 13:36 | Build | Market |
| 14:00 | Build | Palisade Wall |
| 14:02 | Create | Villager (Male) |
| 14:10 | Create | Galley |
| 14:17 | Create | Villager (Male) |
| 14:17 | Create | Villager (Male) |
| 14:21 | Create | Villager (Male) |
| 14:22 | Create | Villager (Male) |
| 14:43 | Create | Galley |
| 14:44 | Create | Villager (Male) |
| 14:44 | Create | Villager (Male) |
| 14:48 | Research | Castle Age |
| 14:58 | Create | Villager (Male) |
| 14:58 | Create | Villager (Male) |
| 15:17 | Create | Villager (Male) |
| 15:17 | Create | Villager (Male) |
| 15:18 | Create | Galley |
| 15:18 | Create | Galley |
| 15:37 | Create | Galley |
| 15:38 | Create | Villager (Male) |
| 15:38 | Create | Villager (Male) |
| 15:42 | Create | Villager (Male) |
| 15:46 | Build | Lumber Camp |
| 15:54 | Create | Spearman |
| 15:58 | Build | House |
| 16:04 | Create | Spearman |
| 16:41 | Create | Villager (Male) |
| 16:41 | Create | Villager (Male) |
| 16:56 | Create | Spearman |
| 17:00 | Build | Palisade Wall |
| 17:04 | Build | Palisade Wall |
| 17:18 | Create | Spearman |
| 17:23 | Create | Villager (Male) |
| 17:31 | Build | Archery Range |
| 17:32 | Age | Castle Age |
| 17:33 | Build | Archery Range |
| 17:39 | Research | Bodkin Arrow |
| 17:43 | Research | War Galley (upgrade) |
| 18:01 | Create | Spearman |
| 18:02 | Create | Spearman |
| 18:04 | Create | Villager (Male) |
| 18:04 | Create | Villager (Male) |
| 18:09 | Research | Double-Bit Axe |
| 18:40 | Create | Villager (Male) |
| 18:58 | Create | Cavalry Archer |
| 18:58 | Create | Cavalry Archer |
| 19:00 | Build | House |
| 19:01 | Build | House |
| 19:10 | Build | University |
| 19:28 | Create | Galley |
| 19:28 | Create | Galley |
| 19:29 | Create | Villager (Male) |
| 19:29 | Create | Villager (Male) |
| 19:32 | Build | House |
| 20:07 | Create | Fire Galley |
| 20:08 | Create | Fire Galley |
| 20:29 | Create | Cavalry Archer |
| 20:29 | Create | Cavalry Archer |
| 20:45 | Create | Fire Galley |
| 20:46 | Create | Fire Galley |
| 20:49 | Build | House |
| 20:54 | Create | Villager (Male) |
| 20:55 | Create | Villager (Male) |
| 20:59 | Build | House |
| 20:59 | Build | House |
| 21:07 | Research | Ballistics |
| 21:48 | Build | Farm |
| 21:51 | Build | Farm |
| 21:51 | Build | Farm |
| 21:57 | Create | Villager (Male) |
| 21:57 | Create | Villager (Male) |
| 22:05 | Build | Town Center |
| 22:33 | Build | Palisade Gate |
| 22:45 | Create | Cavalry Archer |
| 22:45 | Create | Cavalry Archer |
| 22:45 | Create | Cavalry Archer |
| 22:46 | Create | Villager (Male) |
| 22:46 | Create | Villager (Male) |
| 23:00 | Build | Farm |
| 23:00 | Build | Farm |
| 23:04 | Build | Farm |
| 23:08 | Create | Cavalry Archer |
| 23:08 | Create | Cavalry Archer |
| 23:19 | Create | Villager (Male) |
| 23:19 | Create | Villager (Male) |
| 23:19 | Create | Villager (Male) |
| 23:25 | Build | Farm |
| 23:28 | Build | Farm |
Match timeline
| 0:08 | Vikariepoolen · first_building Dock |
| 0:37 | BoMalabimba · first_building Dock |
| 0:42 | koljasch · first_building Dock |
| 1:16 | Sir Godua · first_building Dock |
| 2:23 | Vikariepoolen · wall_segment Palisade Wall x7 |
| 5:54 | BoMalabimba · wall_segment Palisade Wall x4 |
| 5:56 | BoMalabimba · wall_segment Palisade Wall x7 |
| 6:18 | BoMalabimba · wall_segment Palisade Wall x5 |
| 6:18 | BoMalabimba · wall_segment Palisade Wall x8 |
| 6:57 | Vikariepoolen · wall_segment Palisade Wall x1 |
| 6:59 | Vikariepoolen · wall_segment Palisade Wall x1 |
| 7:05 | Vikariepoolen · wall_segment Palisade Wall x1 |
| 8:29 | Vikariepoolen · wall_segment Palisade Wall x6 |
| 8:42 | BoMalabimba · first_building Barracks |
| 8:45 | Vikariepoolen · wall_segment Palisade Wall x14 |
| 9:14 | Sir Godua · wall_segment Palisade Wall x6 |
| 9:17 | Vikariepoolen · wall_segment Palisade Wall x15 |
| 9:26 | BoMalabimba · wall_segment Palisade Wall x2 |
| 9:31 | BoMalabimba · age_up feudal |
| 9:46 | BoMalabimba · wall_segment Palisade Wall x4 |
| 10:14 | BoMalabimba · wall_segment Palisade Wall x1 |
| 10:16 | Vikariepoolen · age_up feudal |
| 10:33 | Sir Godua · age_up feudal |
| 10:34 | koljasch · age_up feudal |
| 10:39 | Sir Godua · first_building Barracks |
| 11:05 | Vikariepoolen · wall_segment Palisade Wall x6 |
| 11:10 | Vikariepoolen · wall_segment Palisade Wall x6 |
| 11:11 | BoMalabimba · wall_segment Palisade Wall x5 |
| 12:04 | Sir Godua · first_building Stable |
| 12:48 | BoMalabimba · wall_segment Palisade Wall x7 |
| 14:00 | BoMalabimba · wall_segment Palisade Wall x7 |
| 15:13 | koljasch · first_building Barracks |
| 15:40 | Vikariepoolen · wall_segment Palisade Wall x3 |
| 15:51 | koljasch · first_building Archery Range |
| 16:02 | Vikariepoolen · first_building Barracks |
| 16:59 | Sir Godua · age_up castle |
| 17:00 | BoMalabimba · wall_segment Palisade Wall x4 |
| 17:03 | Vikariepoolen · first_market_buy 100 food |
| 17:03 | Vikariepoolen · first_market_sell 100 wood |
| 17:04 | BoMalabimba · wall_segment Palisade Wall x3 |
| 17:07 | Sir Godua · first_building Siege Workshop |
| 17:31 | BoMalabimba · first_building Archery Range |
| 17:32 | BoMalabimba · age_up castle |
| 17:49 | BoMalabimba · first_market_buy 100 food |
| 18:05 | Vikariepoolen · wall_segment Palisade Wall x6 |
| 19:00 | koljasch · age_up castle |
| 19:40 | Vikariepoolen · wall_segment Palisade Wall x1 |
| 19:52 | Vikariepoolen · wall_segment Palisade Wall x1 |
| 19:58 | Vikariepoolen · age_up castle |
| 20:07 | Vikariepoolen · first_building Siege Workshop |
| 23:53 | Sir Godua · first_market_buy 100 food |
| 24:16 | BoMalabimba · first_building Stable |
| 24:47 | koljasch · first_building Siege Workshop |
| 25:00 | BoMalabimba · first_building Siege Workshop |
| 25:01 | Sir Godua · wall_segment Palisade Wall x1 |
| 25:02 | Sir Godua · wall_segment Palisade Wall x1 |
| 25:03 | Sir Godua · wall_segment Palisade Wall x1 |
| 25:23 | Vikariepoolen · first_building Stable |
| 25:49 | Vikariepoolen · wall_segment Palisade Wall x1 |
| 25:51 | Vikariepoolen · wall_segment Palisade Wall x1 |
| 27:12 | BoMalabimba · first_market_sell 100 wood |
| 27:34 | BoMalabimba · wall_segment Palisade Wall x2 |
| 27:45 | Sir Godua · first_building Castle |
| 29:00 | Sir Godua · first_market_sell 100 stone |
| 29:47 | Vikariepoolen · first_building Monastery |
| 32:15 | koljasch · first_building Castle |
| 32:31 | Vikariepoolen · first_building Castle |
| 34:15 | Vikariepoolen · wall_segment Palisade Wall x1 |
| 34:33 | Vikariepoolen · wall_segment Palisade Wall x1 |
| 34:35 | Vikariepoolen · wall_segment Palisade Wall x1 |
| 36:09 | BoMalabimba · first_building Castle |
| 37:08 | BoMalabimba · wall_segment Stone Wall x8 |
| 38:41 | BoMalabimba · wall_segment Stone Wall x7 |
| 41:43 | Vikariepoolen · wall_segment Palisade Wall x2 |
| 41:56 | Vikariepoolen · wall_segment Stone Wall x5 |
| 42:24 | Vikariepoolen · wall_segment Stone Wall x14 |
| 42:47 | BoMalabimba · wall_segment Stone Wall x7 |
| 42:48 | Vikariepoolen · wall_segment Stone Wall x9 |
| 42:54 | Vikariepoolen · wall_segment Stone Wall x5 |
| 43:21 | BoMalabimba · wall_segment Stone Wall x1 |
| 43:26 | BoMalabimba · age_up imperial |
| 43:26 | BoMalabimba · wall_segment Stone Wall x6 |
| 43:42 | BoMalabimba · wall_segment Stone Wall x10 |
| 43:52 | BoMalabimba · wall_segment Stone Wall x15 |
| 44:01 | Vikariepoolen · wall_segment Stone Wall x8 |
| 44:12 | Vikariepoolen · wall_segment Palisade Wall x1 |
| 44:19 | BoMalabimba · wall_segment Stone Wall x10 |
| 45:48 | Vikariepoolen · tribute_sent a jugador 1 |
| 45:48 | Vikariepoolen · tribute_sent a jugador 3 |
| 45:48 | Vikariepoolen · tribute_sent a jugador 4 |
| 46:16 | BoMalabimba · tribute_sent a jugador 1 |
| 46:16 | BoMalabimba · tribute_sent a jugador 2 |
| 46:16 | BoMalabimba · tribute_sent a jugador 3 |
| 46:26 | Sir Godua · first_building Archery Range |
| 46:50 | Vikariepoolen · wall_segment Palisade Wall x1 |
| 48:37 | Sir Godua · age_up imperial |
| 49:05 | Vikariepoolen · tribute_sent a jugador 1 |
| 49:05 | Vikariepoolen · tribute_sent a jugador 3 |
| 49:05 | Vikariepoolen · tribute_sent a jugador 4 |
| 49:33 | koljasch · age_up imperial |
| 50:59 | koljasch · first_market_buy 100 stone |
| 51:31 | Vikariepoolen · tribute_sent a jugador 1 |
| 51:31 | Vikariepoolen · tribute_sent a jugador 3 |
| 51:31 | Vikariepoolen · tribute_sent a jugador 4 |
| 52:47 | Vikariepoolen · tribute_sent a jugador 1 |
| 52:47 | Vikariepoolen · tribute_sent a jugador 3 |
| 52:47 | Vikariepoolen · tribute_sent a jugador 4 |
| 54:11 | Vikariepoolen · wall_segment Palisade Wall x1 |
| 58:16 | koljasch · first_building Monastery |
| 63:44 | BoMalabimba · wall_segment Stone Wall x3 |
| 63:47 | BoMalabimba · wall_segment Stone Wall x15 |
| 63:55 | koljasch · first_market_sell 100 food |
| 63:58 | BoMalabimba · resign |
[ AI ANALYSIS · 1 CREDIT ]
What really happened in this match?
Wolo.gg analyzes every decision: build order, eco, micro, common mistakes by bracket. Personalized analysis on WhatsApp or Discord in 30 seconds.
Civ guide
Franks
Perfil
Jugador #2193860